 Dungeon Crawl Stone Soup version 0.29-a0-998-g1987434951 (webtiles) character file.

Game seed: 14890131592573663515

2 gelatine the Ducker (level 1, 0/16 HPs)
             Began as a Demonspawn Gladiator on Aug 5, 2022.
             Slain by a goblin
             ... wielding a +0 club
              (3 damage)
             ... on level 1 of the Dungeon.
             The game lasted 00:00:13 (60 turns).

gelatine the Ducker (Demonspawn Gladiator)            Turns: 60, Time: 00:00:13

Health: 0/16       AC:  4    Str: 14    XL:     1   Next: 33%
Magic:  1/1        EV: 12    Int:  9    God:
Gold:   8          SH:  0    Dex: 14    Spells: 0/0 levels left

rFire   . . .      SeeInvis .   a - +0 war axe
rCold   . . .      Faith    .   (no shield)
rNeg    . . .      Spirit   .   b - +0 leather armour
rPois   .          Reflect  .   c - +0 helmet
rElec   .          Harm     .   (no cloak)
rCorr   .          Rampage  .   (no gloves)
Will    .....                   (no boots)
Stlth   +.........              (no amulet)
HPRegen 0.05/turn               (no ring)
MPRegen 0.07/turn               (no ring)

@: no status effects
A: no striking features
a: no special abilities


You were on level 1 of the Dungeon.
You visited 1 branch of the dungeon, and saw 1 of its levels.

You collected 8 gold pieces.

Inventory:

Hand Weapons
 a - a +0 war axe (weapon)
Missiles
 d - 3 throwing nets (quivered)
 e - a javelin
Armour
 b - a +0 leather armour (worn)
 c - a +0 helmet (worn)


   Skills:
 + Level 2.0 Fighting
 + Level 2.7 Axes
 + Level 1.7 Throwing
 + Level 2.8 Dodging


You couldn't memorise any spells.
You didn't know any spells.
Your spell library was empty.

Dungeon Overview and Level Annotations

Branches:
Dungeon (1/15)

Altars:


Message History

You barely miss the goblin. x2; The goblin closely misses you. x2
The goblin hits you with a +0 dagger.
A frilled lizard comes into view.
The goblin hits you but does no damage.
You barely miss the goblin. You closely miss the goblin.
The goblin hits you but does no damage. The goblin closely misses you.
A dart slug comes into view.
You slash the goblin!
You kill the goblin!
You closely miss the goblin. The goblin barely misses you.
The dart slug launches a dart at you. The slug dart misses you.
The goblin barely misses you. The goblin hits you with a +0 club.
Things that are here:
a +0 dagger; a goblin corpse The frilled lizard bites you but does no damage.
The goblin hits you but does no damage.
You barely miss the goblin. You miss the frilled lizard.
A bat comes into view.
The frilled lizard bites you but does no damage.
The goblin barely misses you.
You barely miss the goblin. You closely miss the frilled lizard.
The frilled lizard misses you. The goblin hits you but does no damage.
A rat comes into view.
The goblin hits you but does no damage.
The frilled lizard attacks as you move away!
The frilled lizard barely misses you. The goblin attacks as you move away!
The goblin misses you. The goblin attacks as you move away!
The goblin hits you but does no damage. The rat bites you but does no damage.
You slash the rat!
You kill the rat!
You closely miss the goblin. You miss the frilled lizard.
The goblin closely misses you. The frilled lizard bites you.
* * * LOW HITPOINT WARNING * * *
The goblin hits you with a +0 club.
* * * LOW HITPOINT WARNING * * *
The frilled lizard barely misses you. The goblin attacks as you move away!
The goblin hits you with a +0 club.
You die...

.. . .## ..# ### #.#
.. #.# ...# ###. #.#
#...# ###...###@#
#..$# .....!..gl#
#...# .........w#
#...# ...?......#
#...#
..........#####...#
........)....)'..>#
.........######...##
...................#
###.#######......#.#


You could see a dart slug, a goblin and a frilled lizard.

Vanquished Creatures
  A goblin (D:1)
  A frilled lizard (D:1)
  A rat (D:1)
3 creatures vanquished.

Notes
Turn   | Place    | Note
-------+----------+-------------------------------------------
     0 | D:1      | gelatine the Demonspawn Gladiator began the quest for the
                  | Orb.
     0 | D:1      | Reached XP level 1. HP: 16/16 MP: 1/1
    60 | D:1      | Slain by a goblin

Illustrated notes

Levels and vault maps discovered:
D:1:      evilmike_arrival_plus, layout_basic

Action                   || total
-------------------------++-------
Melee: War axe           ||    16
Armor: Leather armour    ||    14
Dodge: Dodged            ||    17

Table legend: (Time is in decaauts)
 A = Elapsed time spent in this place.
 B = Non-inter-level travel time spent in this place.
 C = Inter-level travel time spent in this place.
 D = Time resting spent in this place.
 E = Time spent auto-exploring this place.
 F = Levels seen in this place.
 G = Mean time per level.
                   A        B        C        D        E       F      G
               +--------+--------+--------+--------+--------+-----+--------+
         Total |     66 |     66 |      0 |      0 |     30 |   1 |   66.0 |
       Dungeon |     66 |     66 |      0 |      0 |     30 |   1 |   66.0 |
               +--------+--------+--------+--------+--------+-----+--------+

Top non-repeatable levels by time:
     D:1: 66 daAuts
